 Dungeon Crawl Stone Soup version 0.31-a0-851-g7ff8af7976 (webtiles) character file.

Game seed: 13545675325863742951

155460 BinkBink the Severer (level 17, -8/151 HPs)
             Began as a Hill Orc Fighter on Oct 6, 2023.
             Was the Champion of Qazlal.
             Killed from afar by a crystal guardian (13 damage)
             ... with a crystal bolt
             ... in the Desolation of Salt.
             The game lasted 00:56:12 (22763 turns).

BinkBink the Severer (Hill Orc Fighter)            Turns: 22763, Time: 00:56:17

Health: -8/151     AC: 24    Str: 29    XL:     17   Next: 65%
Magic:  17/17      EV:  7    Int: 10    God:    Qazlal [******]
Gold:   2637       SH: 31    Dex: 12    Spells: 16/16 levels left

rFire   + . .        K - +5 war axe (freeze)
rCold   + . .        S - +0 tower shield
rNeg    . . .        l - +2 plate armour
rPois   .            j - +1 hat
rElec   .            (no cloak)
rCorr   .            L - +0 pair of gloves
SInv    .            d - +0 pair of boots {Fly}
Will    ++...        k - amulet of regeneration Stlth
                     q - ring of protection from fire
HPRegen 1.25/turn    R - ring of willpower
MPRegen 0.15/turn

%: repel missiles
@: protected from cold, flying
A: horns 1, large bone plates 1, agile 1, clever 1, frail 1, strong 1
a: Renounce Religion, Upheaval, Elemental Force, Disaster Area


You were in the Desolation of Salt.
You worshipped Qazlal.
Qazlal was exalted by your worship.
You visited 8 branches of the dungeon, and saw 29 of its levels.
You also visited: Gauntlet, Volcano and Desolation.

You collected 3024 gold pieces.
You spent 387 gold pieces at shops.

Inventory:

Hand Weapons
 A - a +1 war axe of freezing
 J - a +2 battleaxe of freezing
 K - a +5 war axe of freezing (weapon)
 P - the +9 dagger of Fortitude {flame, Str+3 Dex+2}
   (You took it off a minotaur in a Gauntlet)

   Str+3:     It affects your strength (+3).
   Dex+2:     It affects your dexterity (+2).
Armour
 d - a +0 pair of boots of flying (worn)
 j - a +1 hat (worn)
 l - a +2 plate armour (worn)
 L - a +0 pair of gloves (worn)
 S - a +0 tower shield (worn)
Jewellery
 b - an amulet of reflection
 f - an amulet of guardian spirit
 k - an amulet of regeneration (around neck)
 q - a ring of protection from fire (left hand)
 w - a +6 ring of dexterity
 D - a ring of resist corrosion
 O - the ring "Weyp Yfig" {rN+ Will++ rCorr Slay-3 SInv}
   (You found it in a Gauntlet)

   [ring of resist corrosion]

   Slay-3:    It affects your accuracy & damage with ranged weapons and melee
   (-3).
   rN+:       It protects you from negative energy.
   Will++:    It greatly increases your willpower.
   SInv:      It lets you see invisible.
   rCorr:     It protects you from acid and corrosion.
 R - a ring of willpower (right hand)
 Y - a ring of protection from cold
Wands
 c - a wand of iceblast (15)
 h - a wand of mindburst (5)
 o - a wand of charming (32)
 r - a wand of digging (4)
 y - a wand of polymorph (13)
 G - a wand of flame (96)
 I - a wand of acid (7)
Scrolls
 a - a scroll of revelation
 e - 5 scrolls of amnesia
 i - 2 scrolls of fear
 p - 8 scrolls of teleportation
 s - 3 scrolls of summoning
 t - 3 scrolls of torment
 u - 4 scrolls of poison
 x - a scroll of fog
 B - 3 scrolls of silence
 C - 3 scrolls of immolation
 E - 2 scrolls of noise
 H - 6 scrolls of identify
 N - a scroll of brand weapon
 W - 2 scrolls of vulnerability
Potions
 m - 5 potions of magic
 n - 11 potions of curing
 v - a potion of resistance
 z - a potion of lignification
 F - 3 potions of mutation
 T - 2 potions of enlightenment
 X - 2 potions of invisibility
 Z - 2 potions of brilliance


   Skills:
 + Level 19.1 Fighting
 - Level 20.0 Axes
 + Level 17.6 Armour
 + Level 17.6 Shields


You had 16 spell levels left.
You didn't know any spells.
Your spell library contained the following spells:

 Spells                   Type           Power      Damage    Failure   Level
 Apportation              Tloc           0%         N/A       98%         1
 Freeze                   Ice            0%         1d3       98%         1
 Kiss of Death            Conj/Necr      0%         2d5       98%         1
 Sandblast                Erth           0%         2d4       98%         1
 Ensorcelled Hibernation  Hex/Ice        0%         N/A       99%         2
 Jinxbite                 Hex            0%         N/A       99%         2
 Passwall                 Tmut/Erth      0%         N/A       99%         2
 Sublimation of Blood     Necr           0%         N/A       99%         2
 Wereblood                Tmut           0%         N/A       99%         2
 Confusing Touch          Hex            0%         N/A       100%        3
 Frozen Ramparts          Ice            0%         1d1       100%        3
 Hailstorm                Conj/Ice       0%         3d3       100%        3
 Ozocubu's Armour         Ice            0%         N/A       100%        3
 Stone Arrow              Conj/Erth      0%         3d7       100%        3
 Swiftness                Air            0%         N/A       100%        3
 Brom's Barrelling Bould  Conj/Erth      0%         2d3       100%        4
 Dispel Undead            Necr           0%         3d6       100%        4
 Iskenderun's Mystic Bla  Conj/Tloc      0%         2d3       100%        4
 Summon Forest            Summ/Tloc      0%         N/A       100%        5
 Yara's Violent Unravell  Hex/Tmut       0%         3d3       100%        5
 Eringya's Noxious Bog    Tmut/Pois      0%         4d6       100%        6
 Simulacrum               Ice/Necr       0%         N/A       100%        6
 Enfeeble                 Hex            0%         N/A       100%        7
 Ozocubu's Refrigeration  Ice            0%         4d7       100%        7
 Summon Hydra             Summ           0%         N/A       100%        7
 Polar Vortex             Ice            0%         N/A       100%        9


Dungeon Overview and Level Annotations

Branches:
Dungeon (15/15)            Temple (1/1) D:6            Lair (5/5) D:8
  Swamp (1/4) Lair:2       Spider (1/4) Lair:3        Slime (3/5) Lair:5
    Orc (2/2) D:11            Elf (1/3) Orc:2        Vaults (0/5) D:14
 Depths (0/4) D:15        Volcano (visited)         Desolation (1/1)
Gauntlet (visited)

Altars:
Ashenzari
Cheibriados
Dithmenos
Elyvilon
Fedhas
Gozag
Hepliaklqana
Kikubaaqudgha
Makhleb
Nemelex Xobeh
Okawaru
Qazlal
Ru
Sif Muna
Trog
Uskayaw
Vehumet
Wu Jian
Xom
Yredelemnul
Zin
The Shining One
Beogh
Jiyva

Shops:
D:7 :?=?   Orc:2 ==!!   Elf:1 ?

Annotations:
D:7 3 runed translucent doors, Mindmass's ghost, novice HuCA


Innate Abilities, Weirdness & Mutations

You have a pair of small horns on your head.
You are partially covered in large bone plates. (SH +4)
You are agile. (Dex +4, Str/Int -1)
Your mind is acute. (Int +4, Str/Dex -1)
You are frail. (-10% HP)
Your muscles are strong. (Str +4, Int/Dex -1)


Message History

The crystal guardian fires a crystalline bolt at you.
The crystal bolt burns you! You resist.
You feel protected from fire.
* * * LOW HITPOINT WARNING * * *
Blink to where?
Press: ? - help, Dir - move target
As you read the scroll of blinking, it crumbles to dust.
Blink to where?
Press: ? - help, Dir - move target
As you read the scroll of blinking, it crumbles to dust.
You start resting.
A crystal guardian is nearby!
Your protection from fire is fading.
You block the crystal guardian's attack.
The ragged hierophant mumbles some strange words.
The ragged hierophant begins to accept its allies' injuries.
The crystal guardian barely misses you.
You block the ragged hierophant's attack.
You closely miss the ragged hierophant.
The ragged hierophant is almost dead.
You hit the crystal guardian but do no damage.
The crystal guardian hits you but does no damage.
You slash the ragged hierophant! You freeze the ragged hierophant.
You headbutt the ragged hierophant, but do no damage.
The ragged hierophant is almost dead.
You hit the crystal guardian but do no damage.
The ragged hierophant points at you and mumbles some strange words.
A blast of power from the earth and the crystal guardian strikes you!
The crystal guardian fires a crystalline bolt at you.
The crystal bolt freezes you!!!
Your resistance to fire fades away.
You feel protected from cold.
* * * LOW HITPOINT WARNING * * *
As you read the scroll of fear, it crumbles to dust.
You assume a fearsome visage.
The crystal guardian is unaffected.
The ragged hierophant looks frightened!
The crystal guardian fires a crystalline bolt at you.
The crystal bolt freezes you! You resist.
You feel more protected from cold.
You die...

###### ####################
###########################
###########################
###########################
§..........................
§..........................
.§.............§.°......#..
.............§☼§9§.........
§§..........§.a§@§§.........
§8............§§§§§.§#.§...#.
§§§.........§§§§§§§§§#.......
§§§.§.....§§..§.§#§§§§§......
§§§......§§..§.§§§..§§§.#.#....
§§§.§.........§.§..............
.§......§...§...§).............
..§........§.§§.§§§§)..........
....♣.....§§...§.§§§...........


You could see a ragged hierophant (fleeing) and a crystal guardian (sheltered).

Vanquished Creatures
  Jorgrun (Orc:1)
  Frances (D:12)
  Kirke (Lair:4)
  An azure jelly (Lair:5)
  An emperor scorpion (Lair:3)
  An imperial myrmidon (Desolation)
  4 quicksilver oozes
  A minotaur (Gauntlet)
  Nessos (Lair:3)
  2 halazid warlocks (Desolation)
  A fire dragon (D:15)
  4 ragged hierophants
  Fannar (Lair:1)
  8 vault guards (D:14)
  4 servants of whispers (Desolation)
  Harold (D:9)
  4 hydras
  A peacekeeper (Desolation)
  A rakshasa (D:15)
  An ice dragon (D:15)
  2 ogre magi (D:15)
  2 centaur warriors
  An alligator (Lair:2)
  13 two-headed ogres
  4 boulder beetles
  A dancing weapon (Elf:1)
  2 tengu warriors (D:14)
  4 orc high priests (Orc:2)
  2 demonic crawlers (Lair:3)
  A deep elf knight (Elf:1)
  Amaemon (Lair:2)
  2 skysharks
  3 skeletal warriors (D:13)
  A goliath frog (Swamp:1)
  A deep elf archer (Volcano)
  A swamp dragon (Lair:2)
  44 slime creatures
  2 wizards (Gauntlet)
  2 ironbound convokers (Desolation)
  A necromancer (Gauntlet)
  6 deep elf zephyrmancers (Elf:1)
  12 ugly things
  13 deep elf pyromancers
  3 wolf spiders
  4 orc sorcerers
  4 manticores
  An orc knight (Orc:1)
  A will-o-the-wisp (Lair:2)
  2 oklob plants
  13 black mambas
  3 cyclopes (D:14)
  2 guardian serpents
  Maurice (Orc:1)
  24 elephants
  3 torpor snails
  2 eyes of devastation (Slime:3)
  Psyche (D:8)
  Maggie (D:9)
  19 cane toads
  An orange demon (Lair:2)
  2 rime drakes
  10 komodo dragons
  3 yaktaurs (D:15)
  4 trolls
  4 hornets
  14 polar bears
  27 blink frogs
  22 saltlings
  8 dream sheep
  2 raiju (Lair:5)
  A tarantella (Lair:3)
  A jumping spider (Lair:3)
  2 shadows
  2 air elementals (Elf:1)
  A vampire (D:10)
  9 wyverns
  3 fire bats (Lair:3)
  41 yaks
  A water elemental (Elf:1)
  A spriggan (Swamp:1)
  5 hogs (Lair:4)
  4 steam dragons
  4 basilisks
  A neqoxec (Gauntlet)
  2 golden eyes (Slime:2)
  16 vampire mosquitoes
  3 chaos spawn (Gauntlet)
  4 fire elementals (Volcano)
  7 redbacks
  6 wargs (Lair:5)
  An acid dragon (D:11)
  33 water moccasins
  18 hell hounds
  Duvessa (D:7)
  24 orc warriors
  A swamp drake (D:11)
  2 ice beasts (D:6)
  17 black bears
  4 sky beasts
  9 ogres
  8 centaurs
  32 wolves
  A wolf (shapeshifter) (D:13)
  A phantom (D:5)
  3 kobold brigands
  12 bullfrogs
  2 scorpions (D:5)
  5 wights (D:8)
  Dowan (D:7)
  26 killer bees
  4 howler monkeys
  2 hounds (D:5)
  3 jellies
  34 orc priests
  4 iguanas
  Jessica (D:3)
  A sleepcap (D:8)
  30 orc wizards
  8 gnolls
  4 adders
  5 shadow imps
  6 white imps
  An ufetubus (D:5)
  2 worms
  5 dart slugs
  105 orcs
  3 bats
  5 endoplasms
  4 giant cockroaches
  12 hobgoblins
  18 kobolds
  3 quokkas
  4 ball pythons
  7 frilled lizards
  13 goblins
  4 rats
945 creatures vanquished.

Vanquished Creatures (others)
  A bloated husk (Swamp:1)
  A shadow imp (Gauntlet)
  8 foxfires (Swamp:1)
10 creatures vanquished.

Grand Total: 955 creatures vanquished

Notes
Turn   | Place    | Note
-------+----------+-------------------------------------------
     0 | D:1      | BinkBink the Hill Orc Fighter began the quest for the Orb.
     0 | D:1      | Reached XP level 1. HP: 19/19 MP: 1/1
    63 | D:1      | Reached skill level 3 in Axes
    78 | D:1      | Reached XP level 2. HP: 18/27 MP: 2/2
   267 | D:1      | Reached XP level 3. HP: 33/33 MP: 3/3
   983 | D:2      | Reached skill level 4 in Axes
  1026 | D:2      | Reached XP level 4. HP: 40/40 MP: 4/4
  1685 | D:3      | Noticed Jessica
  1686 | D:3      | Killed Jessica
  1687 | D:3      | Reached XP level 5. HP: 47/47 MP: 5/5
  1872 | D:3      | Found a faded altar of an unknown god.
  1873 | D:3      | Noticed a great orb of eyes
  1875 | D:3      | Noticed a golden eye
  1875 | D:3      | Noticed a floating eye
  1875 | D:3      | Noticed a floating eye
  2417 | D:4      | Reached skill level 5 in Axes
  2497 | D:4      | Noticed an ogre
  2503 | D:4      | Killed an ogre
  2504 | D:4      | Reached XP level 6. HP: 50/55 MP: 6/6
  2565 | D:4      | Found a hazy altar of Hepliaklqana.
  2568 | D:4      | Found a basalt altar of Yredelemnul.
  2568 | D:4      | Found an opulent altar of Gozag.
  2570 | D:4      | Found a shimmering altar of Xom.
  2570 | D:4      | Found a shimmering blue altar of Sif Muna.
  2570 | D:4      | Found a sparkling altar of Nemelex Xobeh.
  2815 | D:5      | Entered Level 5 of the Dungeon
  2831 | D:5      | Reached skill level 5 in Fighting
  2831 | D:5      | Reached skill level 6 in Axes
  2953 | D:5      | Reached XP level 7. HP: 61/61 MP: 7/7
  3009 | D:5      | Reached skill level 5 in Shields
  3023 | D:5      | Reached skill level 5 in Armour
  3126 | D:5      | Reached skill level 7 in Axes
  3525 | D:6      | Reached XP level 8. HP: 31/70 MP: 8/8
  3612 | D:6      | Reached skill level 8 in Axes
  3797 | D:6      | Found a staircase to the Ecumenical Temple.
  3816 | D:6      | Identified the +4 falchion "Juniuxzu" {freeze, rPois Str-2
                  | Int+5}
  3843 | Temple   | Entered the Ecumenical Temple
  3853 | Temple   | Became a worshipper of Qazlal Stormbringer
  3989 | D:6      | Reached skill level 9 in Axes
  4369 | D:6      | Found a burning altar of Makhleb.
  4369 | D:6      | Noticed an Executioner
  4566 | D:7      | Found Qoj Naqe's Magic Scroll Emporium.
  4572 | D:7      | Bought a scroll of blinking for 90 gold pieces
  4572 | D:7      | Bought a scroll of teleportation for 36 gold pieces
  4572 | D:7      | Bought a scroll of teleportation for 36 gold pieces
  4572 | D:7      | Bought a scroll of identify for 24 gold pieces
  4572 | D:7      | Bought a scroll of teleportation for 36 gold pieces
  4671 | D:7      | Found Tywio's Book Boutique.
  4696 | D:7      | Found a glowing silver altar of Zin.
  4713 | D:7      | Found Diocveul's Jewellery Shop.
  4735 | D:7      | Reached XP level 9. HP: 71/79 MP: 9/9
  4992 | D:7      | Noticed Dowan
  4995 | D:7      | Noticed Duvessa
  5006 | D:7      | Killed Dowan
  5007 | D:7      | Reached skill level 10 in Axes
  5007 | D:7      | Killed Duvessa
  5092 | D:7      | Found Sucs's Magic Scroll Emporium.
  5101 | D:7      | Bought a scroll of identify for 20 gold pieces
  5101 | D:7      | Bought a scroll of identify for 20 gold pieces
  5101 | D:7      | Bought a scroll of identify for 20 gold pieces
  5101 | D:7      | Bought a scroll of identify for 20 gold pieces
  5101 | D:7      | Bought a scroll of identify for 20 gold pieces
  5212 | D:7      | Found a runed translucent gate.
  5212 | D:7      | Found a runed translucent gate.
  5214 | D:7      | Found an opulent altar of Gozag.
  5216 | D:7      | Found a runed translucent gate.
  5217 | D:7      | Noticed a green ugly thing
  5217 | D:7      | Noticed Mindmass's ghost (novice HuCA)
  5255 | D:7      | Reached * piety under Qazlal
  5580 | D:8      | Noticed Psyche
  5900 | D:8      | Killed Psyche
  6033 | D:8      | Reached skill level 11 in Axes
  6047 | D:8      | Reached XP level 10. HP: 63/88 MP: 10/10
  6087 | D:8      | Found a glowing golden altar of the Shining One.
  6112 | D:8      | Found a broken altar of Ashenzari.
  6369 | D:8      | Reached skill level 12 in Axes
  6385 | D:8      | Reached ** piety under Qazlal
  6498 | D:8      | Found a staircase to the Lair.
  6790 | D:8      | Reached skill level 13 in Axes
  7001 | D:9      | Noticed Harold
  7003 | D:9      | Noticed Maggie
  7027 | D:9      | Killed Harold
  7034 | D:9      | Gained mutation: You have hidden genetic potential. [potion
                  | of mutation]
  7034 | D:9      | Gained mutation: You have a pair of small horns on your
                  | head. [potion of mutation]
  7034 | D:9      | Gained mutation: Your muscles are strong. (Str +4, Int/Dex
                  | -1) [potion of mutation]
  7045 | D:9      | Killed Maggie
  7324 | D:9      | Reached XP level 11. HP: 92/97 MP: 11/11
  7328 | D:9      | Reached *** piety under Qazlal
  7358 | D:9      | You fall into a shaft and drop 1 floor!
  7358 | D:10     | Entered Level 10 of the Dungeon
  7498 | D:9      | Found a hide-covered altar of Uskayaw.
  7611 | D:9      | Reached skill level 14 in Axes
  7981 | D:10     | Reached skill level 10 in Fighting
  8147 | D:10     | Reached **** piety under Qazlal
  8421 | D:10     | Gained mutation: You are agile. (Dex +4, Str/Int -1)
                  | [hidden potential]
  8489 | D:11     | Noticed a two-headed ogre
  8494 | D:10     | Killed a two-headed ogre
  8552 | D:11     | Found a staircase to the Orcish Mines.
  8709 | D:11     | Noticed a green ugly thing
  8745 | D:11     | Reached skill level 15 in Axes
  8746 | D:11     | Killed a green ugly thing
  8890 | D:11     | Found a gate leading to a gauntlet.
  8899 | Gauntlet | Entered a Gauntlet
  8899 | Gauntlet | Found a transporter.
  8899 | Gauntlet | Found a transporter.
  8902 | Gauntlet | Noticed a necromancer
  8903 | Gauntlet | Found a transporter.
  8903 | Gauntlet | Found a transporter.
  8912 | Gauntlet | Found a transporter.
  8923 | Gauntlet | Found a transporter.
  8929 | Gauntlet | Noticed a wizard
  8929 | Gauntlet | Noticed a wizard
  8933 | Gauntlet | Found a transporter.
  8933 | Gauntlet | Found a transporter.
  8937 | Gauntlet | Found a transporter.
  8964 | Gauntlet | Found a transporter.
  8973 | Gauntlet | Found a transporter.
  8993 | Gauntlet | Found a transporter.
  9039 | Gauntlet | Found a transporter.
  9055 | Gauntlet | Found a transporter.
  9158 | Gauntlet | Found a transporter.
  9178 | Gauntlet | Found a transporter.
  9317 | Gauntlet | Killed a necromancer
  9375 | Gauntlet | Gained mutation: You are frail. (-10% HP) [a neqoxec]
  9412 | Gauntlet | Reached ***** piety under Qazlal
  9428 | Gauntlet | Killed a wizard
  9429 | Gauntlet | Reached skill level 10 in Shields
  9429 | Gauntlet | Reached XP level 12. HP: 79/97 MP: 12/12
  9431 | Gauntlet | Reached skill level 10 in Armour
  9452 | Gauntlet | Identified the ring "Weyp Yfig" {rN+ Will++ rCorr Slay-3
                  | SInv}
  9483 | Gauntlet | Identified the +9 dagger of Fortitude {flame, Str+3 Dex+2}
  9483 | Gauntlet | Noticed a minotaur
  9493 | Gauntlet | Killed a minotaur
  9646 | D:11     | Reached skill level 16 in Axes
  9822 | D:11     | Gained mutation: You have great hidden genetic potential.
                  | [hidden potential]
  9822 | D:11     | Lost mutation: You have great hidden genetic potential.
                  | [hidden potential expressed]
 10096 | D:12     | Noticed a two-headed ogre
 10104 | D:12     | Killed a two-headed ogre
 10411 | D:12     | Noticed Frances
 10425 | D:12     | Killed Frances
 10426 | D:12     | Reached skill level 17 in Axes
 10781 | Orc:1    | Entered Level 1 of the Orcish Mines
 10857 | Orc:1    | Noticed Jorgrun
 10884 | Orc:1    | Killed Jorgrun
 10885 | Orc:1    | Reached XP level 13. HP: 60/106 MP: 13/13
 11014 | Orc:2    | Entered Level 2 of the Orcish Mines
 11199 | Orc:2    | Gained mutation: Your mind is acute. (Int +4, Str/Dex -1)
                  | [hidden potential]
 11211 | Orc:2    | Reached skill level 18 in Axes
 11246 | Orc:2    | Reached ****** piety under Qazlal
 11475 | Orc:2    | Found Ynleffa's Jewellery Boutique.
 11475 | Orc:2    | Found Wyos's Distillery.
 11476 | Orc:2    | Found Futojeq's Distillery.
 11480 | Orc:2    | Found Ecepunwote's Jewellery Boutique.
 11485 | Orc:2    | Bought a potion of heal wounds for 65 gold pieces
 11511 | Orc:2    | Found a staircase to the Elven Halls.
 11833 | Orc:1    | Noticed Maurice
 11837 | Orc:1    | Maurice stole the ring "Weyp Yfig" {rN+ Will++ rCorr Slay-3
                  | SInv}
 11839 | Orc:1    | Maurice stole the +9 dagger of Fortitude {flame, Str+3
                  | Dex+2}
 11843 | Orc:1    | Killed Maurice
 11849 | Orc:1    | Paralysed by an orc sorcerer for 2 turns
 11931 | Orc:1    | Found a roughly hewn altar of Beogh.
 12220 | Lair:1   | Entered Level 1 of the Lair of Beasts
 12361 | Lair:1   | Reached skill level 19 in Axes
 12401 | Lair:1   | Found a broken altar of Ashenzari.
 12469 | Lair:1   | Noticed Fannar
 12477 | Lair:1   | Killed Fannar
 12478 | Lair:1   | Reached XP level 14. HP: 116/116 MP: 14/14
 13082 | Lair:2   | Noticed Amaemon
 13100 | Lair:2   | Gained mutation: You are partially covered in large bone
                  | plates. (SH +4) [hidden potential]
 13100 | Lair:2   | Lost mutation: You have hidden genetic potential. [hidden
                  | potential expressed]
 13147 | Lair:2   | Killed Amaemon
 13165 | Lair:2   | Reached skill level 20 in Axes
 13370 | Lair:2   | Found a staircase to the Swamp.
 13652 | Lair:3   | Found a hole to the Spider Nest.
 13950 | Lair:3   | Noticed Nessos
 13992 | Lair:3   | Killed Nessos
 14252 | Lair:3   | Found a dark tunnel.
 14261 | Volcano  | Entered a volcano
 15073 | Lair:4   | Reached XP level 15. HP: 125/125 MP: 15/15
 15090 | Lair:4   | Reached skill level 15 in Fighting
 15287 | Lair:4   | Identified the +4 hand axe "Molluxeism" {antimagic, rPois
                  | rN+}
 15534 | Lair:4   | Noticed Kirke
 15548 | Lair:4   | Killed Kirke
 15687 | Lair:4   | Found a sparkling altar of Nemelex Xobeh.
 15843 | Lair:5   | Entered Level 5 of the Lair of Beasts
 16408 | Lair:5   | Reached skill level 15 in Shields
 16428 | Lair:5   | Reached skill level 15 in Armour
 16544 | Lair:5   | Found a staircase to the Slime Pits.
 16544 | Lair:5   | Found a viscous altar of Jiyva.
 16770 | Lair:5   | Reached XP level 16. HP: 135/136 MP: 16/16
 17354 | Swamp:1  | Entered Level 1 of the Swamp
 18277 | D:14     | Found a gate to the Vaults.
 19007 | D:15     | Entered Level 15 of the Dungeon
 19367 | D:15     | Found a staircase to the Depths.
 19944 | Slime:1  | Entered Level 1 of the Pits of Slime
 19950 | Slime:1  | Noticed an azure jelly
 19971 | Lair:5   | Killed an azure jelly
 20283 | Slime:2  | Reached XP level 17. HP: 148/148 MP: 17/17
 21122 | Spider:1 | Entered Level 1 of the Spider Nest
 21528 | Elf:1    | Entered Level 1 of the Elven Halls
 21547 | Elf:1    | Found Ajazeob's Magic Scroll Shoppe.
 21758 | Elf:1    | Paralysed by an air elemental for 1 turns
 21788 | Elf:1    | Paralysed by an air elemental for 1 turns
 21790 | Elf:1    | Paralysed by an air elemental for 1 turns
 21987 | Elf:1    | Found a crumbling gateway.
 21995 | Desolati | Entered the Desolation of Salt
 22296 | Desolati | Got a disorganized book
 22314 | Desolati | Identified the +0 ring mail "Plog" {Harm rC+ Str+4 Dex+3}
 22316 | Desolati | Got a disorganized book
 22762 | Desolati | HP: 4/151 [crystal guardian/crystal bolt (45)]
 22763 | Desolati | Killed from afar by a crystal guardian

Illustrated notes

Levels and vault maps discovered:
D:1:      psy_arrival_basics, layout_loops_ring, nicolae_grassy_gnolls
D:2:      layout_loops_ring, serial_bayou_pond_d,
          wander_ebering_terrifying_dragon_lair
D:3:      layout_rooms, hellmonk_ecumenical_altar_watching_god,
          kennysheep_another_room, uniq_jessica
D:4:      layout_basic, doesnt_xom_only_xom
D:5:      layout_gridville, minmay_starry_boxes
D:6:      layout_loops_ring, makhleb_altar_promises_db,
          minmay_temple_entry_waves, roderic_roman_lattice, st_stairs_10
D:7:      layout_loops_corners, mainiacjoe_overflow_chevrons,
          ebering_ghost_gozag, serial_shops, shop, shop,
          nicolae_shop_tiny_statue_garden, nicolae_shop_just_a_little_nook,
          uniq_duvessa
D:8:      layout_basic, cheibrodos_ashenzari_chains,
          mainiacjoe_overflow_concentric_impassable, minmay_lair_entry_grove,
          special_room [special_room_orc], uniq_psyche
D:9:      layout_loops_ring, nicolae_uskayaw_dance_studio, uniq_harold,
          uniq_maggie
D:10:     layout_loops_ring, minmay_lizard_king
D:11:     layout_gridville, hiddenorc2_lemuel, gauntlet_entry_generic,
          hangedman_decor_slide_cut, pond
D:12:     layout_cave_pools, hangedman_misty_isle, uniq_frances
D:13:     layout_gridville, hangedman_abyss_or_decor_passed
D:14:     layout_irregular_city, erik_vaults_2, nicolae_kite_square_tiling_tiny,
          minmay_crystal_room
D:15:     grunt_enter_depths_hoard, layout_basic
Temple:   nicolae_temple_x_marks_the_god
Lair:1:   layout_regular_city, basic_altar, nicolae_quartered_pool_impasse,
          lemuel_fruit_tree, grunt_megastairs_4, uniq_fannar
Lair:2:   layout_misc_corridors, minmay_swamp_entry_reptiles, uniq_amaemon
Lair:3:   layout_layer_cave, spider_nest_entry_funnel_web, serial_forest,
          infiniplex_forest_corner_1, infiniplex_forest_corner_2,
          infiniplex_forest_lined_room_2, infiniplex_forest_lined_2,
          infiniplex_forest_straight_3, infiniplex_forest_straight_4,
          infiniplex_forest_clump_C, nicolae_volcano_entry_batcave,
          kennysheep_catoblepas_arena, uniq_nessos, uniq_gastronok
Lair:4:   layout_cave_pods, basic_altar, minmay_lair_oklob_items, ldierk_geyser,
          beast_lair_carwin_6, grunt_megastairs_5, uniq_kirke
Lair:5:   hangedman_lair_caniforms_friends, layout_small_grid,
          hangedman_lair_tendril_chambers, slime_entry_1, dpeg_stationary_puzzle
Swamp:1:  layout_basic_swamp, evilmike_swamp_ruin_house_5, swamp_pool5
Spider:1: layout_spider_delve
Slime:1:  layout_caves, special_room [special_room_jelly]
Slime:2:  layout_caves, cheibrodos_slime_lost_civilization_4
Slime:3:  layout_caves
Orc:1:    layout_diamond_mine, lemuel_statue_altar, uniq_maurice, uniq_jorgrun
Orc:2:    st_orc_mages, layout_diamond_mine
Elf:1:    layout_onion_city, serial_shops, nicolae_shop_tiny_statue_garden,
          portal_desolation_entry_nicolae_nacl, kennysheep_underground_church,
          item_on_display_a
Desolation

Skill      XL: |  1  2  3  4  5  6  7  8  9 10 11 12 13 14 15 16 17 |
---------------+----------------------------------------------------+-----
Axes           | 3 4 5 6 7 9 11 13 15 17 19 20 | 20.0
Fighting       | 4 5 7 8 9 10 12 13 14 16 18 19 | 19.1
Armour         | 4 5 6 7 8 9 11 12 13 15 16 17 | 17.6
Shields        | 4 5 6 7 8 10 11 12 13 15 16 17 | 17.6

Action                     |  1- 3 |  4- 6 |  7- 9 | 10-12 | 13-15 | 16-18 || total
---------------------------+-------+-------+-------+-------+-------+-------++-------
  Melee: War axe           |   118 |   149 |   263 |   617 |   867 |   658 ||  2672
         Headbutt          |       |       |       |    89 |   200 |   186 ||   475
    Use: Scroll            |       |       |    15 |     6 |     3 |    12 ||    36
         Potion            |       |       |     1 |     7 |     1 |    16 ||    25
   Stab: Petrifying        |       |       |       |     2 |       |       ||     2
 Armour: Scale mail        |    63 |       |       |       |       |       ||    63
         Plate armour      |    27 |   115 |   271 |   333 |   326 |   428 ||  1500
         Skin              |       |       |     1 |       |       |       ||     1
  Dodge: Dodged            |    64 |    47 |    63 |   111 |    75 |    87 ||   447
         Repelled          |       |       |       |       |     2 |       ||     2
  Block: Buckler           |    27 |    34 |    61 |   178 |       |       ||   300
         Tower shield      |       |       |       |   123 |   913 |   739 ||  1775

Table legend: (Time is in decaauts)
 A = Elapsed time spent in this place.
 B = Non-inter-level travel time spent in this place.
 C = Inter-level travel time spent in this place.
 D = Time resting spent in this place.
 E = Time spent auto-exploring this place.
 F = Levels seen in this place.
 G = Mean time per level.
                   A        B        C        D        E       F      G
               +--------+--------+--------+--------+--------+-----+--------+
         Total |  22529 |  20716 |   1813 |    265 |  15337 |  32 |  704.0 |
       Dungeon |  12540 |  11435 |   1105 |     25 |   9018 |  15 |  836.0 |
        Temple |     20 |      2 |     18 |      0 |      0 |   1 |   20.0 |
          Lair |   5409 |   4950 |    459 |      0 |   3722 |   5 | 1081.8 |
         Swamp |     20 |     20 |      0 |      0 |      0 |   1 |   20.0 |
   Spider Nest |     12 |     12 |      0 |      0 |      0 |   1 |   12.0 |
    Slime Pits |   1046 |    974 |     72 |     23 |    739 |   3 |  348.7 |
  Orcish Mines |   1390 |   1234 |    156 |     11 |    882 |   2 |  695.0 |
   Elven Halls |    455 |    455 |      0 |      0 |    251 |   1 |  455.0 |
       Volcano |    190 |    190 |      0 |      0 |     78 |   1 |  190.0 |
    Desolation |    731 |    731 |      0 |    206 |    224 |   1 |  731.0 |
      Gauntlet |    711 |    711 |      0 |      0 |    422 |   1 |  711.0 |
               +--------+--------+--------+--------+--------+-----+--------+

Top non-repeatable levels by time:
  Lair:5: 1527 daAuts
  Lair:3: 1515 daAuts
     D:8: 1426 daAuts
     D:7: 1213 daAuts
     D:6: 1010 daAuts
    D:11: 923 daAuts
     D:1: 866 daAuts
    D:14: 859 daAuts
   Orc:2: 855 daAuts
  Lair:4: 830 daAuts
     D:9: 823 daAuts
  Lair:1: 811 daAuts
     D:2: 798 daAuts
    D:10: 753 daAuts
Desolation: 731 daAuts
